 Dungeon Crawl Stone Soup version 0.27.0-65-ge2af304b15 (webtiles) character file.

Game seed: 10491710022226356820

2 Malachi the Insei (level 1, 0/17 HPs)
             Began as a Djinni Transmuter on Aug 19, 2021.
             Slain by a kobold (5 damage)
             ... on level 1 of the Dungeon.
             The game lasted 00:00:09 (27 turns).

Malachi the Insei (Djinni Transmuter)                 Turns: 27, Time: 00:00:09

Health: 0/17       AC:  2    Str:  9    XL:     1   Next: 44%
Gold:   0          EV: 12    Int: 14    God:
                   SH:  0    Dex: 13

rFire    + + .     SeeInvis .     - Unarmed
rCold    x . .     Faith    .   (no shield)
rNeg     . . .     Spirit   .   a - +0 robe
rPois    ∞         Reflect  .   (helmet currently unavailable)
rElec    .         Harm     .   (no cloak)
rCorr    .         Rampage  .   (no gloves)
Will     .....                  (boots unavailable)
Stlth    +.........             (no amulet)
HPRegen  0.05/turn              (no ring)
MPRegen  0.00/turn              (no ring)

@: appendages (expiring), flying
A: horns 2, flying, sickness immunity, fire resistance 2, cold vulnerability 1,
float, innate caster, hp casting, extra vitality 1
a: End Transformation


You were on level 1 of the Dungeon.
You had temporarily grown beastly horns.
You visited 1 branch of the dungeon, and saw 1 of its levels.

Inventory:

Armour
 a - a +0 robe (worn)


   Skills:
 + Level 1.0 Fighting
 + Level 2.1 Dodging
 + Level 3.0 Unarmed Combat
 + Level 1.7 Spellcasting


You couldn't memorise any spells.
You knew the following spells:

 Your Spells              Type           Power      Damage    Failure   Level
a - Beastly Appendage     Tmut           12%        N/A       12%         1
b - Wereblood             Tmut           6%         N/A       19%         2
c - Spider Form           Tmut/Pois      3%         N/A       34%         3
d - Ice Form              Ice/Tmut       6%         N/A       75%         4
Your spell library was empty.

Dungeon Overview and Level Annotations

Branches:
Dungeon (1/15)

Altars:


Innate Abilities, Weirdness & Mutations

You have temporarily grown beastly horns.
You are flying.
You are immune to sickness and miasma.
You are immune to poison.
Your flesh is very heat resistant. (rF++)
You are vulnerable to cold. (rC-)
You float through the air rather than walking.
You learn spells naturally, not from books.
Your magical power is your life essence.
You have superior vitality. (+4 HP)


Message History

You grow a pair of large bovine horns.
The bat closely misses you. x2
The goblin hits you with a +0 dagger.
You hit the goblin but do no damage. You headbutt the goblin.
You kill the goblin!
The bat closely misses you. The bat hits you but does no damage.
The bat completely misses you. The bat closely misses you.
The bat hits you but does no damage.
You miss the bat.
Your transformation is almost over.
The bat hits you but does no damage. x2
You hit the bat.
You kill the bat!
A kobold comes into view. It is wielding a +2 dagger of draining.
The kobold shouts!
You hit the rat.
You kill the rat!
The kobold throws a stone.
The stone closely misses you.
You barely miss the kobold. The kobold completely misses you.
You hit the kobold but do no damage. Your headbutt misses the kobold.
The kobold hits you with a +2 dagger of draining.
You are too injured to fight recklessly!
You are too injured to fight recklessly!
You are too injured to fight recklessly!
You are too injured to fight recklessly!
You are too injured to fight recklessly!
You closely miss the kobold. The kobold barely misses you.
You hit the kobold but do no damage. The kobold closely misses you.
Casting: Beastly Appendage (safe; 12% risk of failure)
Confirm with . or Enter, or press ? or * to list all spells.
You extend your transformation's duration.
* * * LOW HITPOINT WARNING * * *
Your transformation is almost over.
The kobold hits you but does no damage.
You are too injured to fight recklessly!
You are too injured to fight recklessly!
You hit the kobold.
The kobold is moderately wounded.
The kobold hits you with a +2 dagger of draining.
You die...

####≈. .# #.#.≈##.
≈≈≈≈.###.#.#.≈..
...≈...#.#.#.≈.#
###.≈≈≈.#.#.#.≈.#
......≈...#.#.≈.#
≈≈≈≈≈.≈≈≈.#.).≈.#
≈...≈...≈.#.≈≈≈.####..#
≈.≈.≈≈≈.≈.#.≈...@K....#
..≈.....≈...≈.####.#.##
≈≈≈.<.≈≈≈.≈≈≈†# #
≈.....≈...≈...#
≈.≈≈≈.≈.≈≈≈.###
≈...≈...≈...#
≈≈≈.≈≈≈≈≈.###
..≈.........
#.≈≈≈.#######


You could see a kobold.

Vanquished Creatures
  A goblin (D:1)
  A bat (D:1)
  A rat (D:1)
3 creatures vanquished.

Notes
Turn   | Place    | Note
-------+----------+-------------------------------------------
     0 | D:1      | Malachi the Djinni Transmuter began the quest for the Orb.
     0 | D:1      | Reached XP level 1. HP: 17/17 MP: 0/0
    27 | D:1      | Slain by a kobold

Illustrated notes

Levels and vault maps discovered:
D:1:      psy_arrival_radial02, layout_loops_cross, corner_web_ring,
          minmay_close_crescents

Action                   || total
-------------------------++-------
Melee: Unarmed           ||    12
       Headbutt          ||     1
 Cast: Beastly Appendage ||     2
Armor: Robe              ||     5
Dodge: Dodged            ||    10
